 Seeded DCSS version 0.29-a0-664-gff9cad4a3d (webtiles) character file.

Game seed: 12781424815227474791 (custom seed)

9306 zeratav the Fighter (level 11, 0/124 HPs)
             Began as an Ogre Venom Mage on June 22, 2022.
             Was a Believer of Wu Jian.
             Slain by a gargoyle
             ... wielding a +0 mace
              (18 damage)
             ... on level 11 of the Dungeon.
             The game lasted 00:30:26 (12882 turns).

zeratav the Fighter (Ogre Venom Mage)              Turns: 12882, Time: 00:30:26

Health: 0/124      AC: 11    Str: 18    XL:     11   Next: 44%
Magic:  0/34       EV: 10    Int: 16    God:    Wu Jian [**....]
Gold:   657        SH:  0    Dex:  9    Spells: 17/22 levels left

rFire   . . .      SeeInvis .   v - +0 mace (venom) {mace}
rCold   . . .      Faith    .   o - orb {light}
rNeg    . . .      Spirit   +   a - +4 moon troll leather armour {Spirit, Regen++ MP+5}
rPois   .          Reflect  .   (helmet restricted)
rElec   .          Harm     .   z - +0 cloak
rCorr   .          Rampage  .   (gloves unavailable)
Will    +....                   (boots unavailable)
Stlth   +.........              (no amulet)
HPRegen 1.90/turn               h - ring of magical power
MPRegen 0.24/turn               (no ring)

@: glowing
A: large, unfitting armour, tough skin 1
a: Renounce Religion, Wall Jump


You were on level 11 of the Dungeon.
You worshipped Wu Jian.
Wu Jian was pleased with you.
You visited 2 branches of the dungeon, and saw 12 of its levels.

You collected 701 gold pieces.
You spent 44 gold pieces at shops.


Innate Abilities, Weirdness & Mutations

You are too large for most types of armour.
You have tough skin. (AC +1)


   Skills:
 + Level 12.7 Fighting
 + Level 6.9 Maces & Flails
 - Level 5.0 Armour
 - Level 5.0 Dodging
 - Level 1.4 Stealth
 - Level 6.0 Spellcasting
 - Level 0.8 Transmutations
 - Level 8.0 Poison Magic


You had 17 spell levels left.
You knew the following spells:

 Your Spells              Type           Power      Damage    Failure   Level
a - Sting                 Tmut/Pois      72%        1d6       2%          1
b - Olgreb's Toxic Radia  Pois           30%        N/A       6%          4

Your spell library contained the following spells:

 Spells                   Type           Power      Damage    Failure   Level
 Poisonous Vapours        Pois/Air       34%        N/A       4%          2
 Spider Form              Tmut/Pois      18%        N/A       8%          3
 Magic Dart               Conj           16%        1d3       16%         1
 Summon Small Mammal      Summ           16%        N/A       16%         1
 Mephitic Cloud           Conj/Pois/Air  13%        N/A       17%         3
 Blink                    Tloc           8%         N/A       24%         2
 Call Imp                 Summ           4%         N/A       24%         2
 Ensorcelled Hibernation  Hex/Ice        8%         N/A       24%         2
 Static Discharge         Conj/Air       4%         N/A       24%         2
 Call Canine Familiar     Summ           4%         N/A       43%         3
 Inner Flame              Hex/Fire       4%         N/A       43%         3
 Lesser Beckoning         Tloc           4%         N/A       43%         3
 Portal Projectile        Hex/Tloc       8%         N/A       43%         3
 Summon Guardian Golem    Hex/Summ       4%         N/A       43%         3
 Tukima's Dance           Hex            4%         N/A       43%         3
 Anguish                  Hex/Necr       2%         N/A       85%         4
 Cause Fear               Hex            2%         N/A       85%         4
 Summon Ice Beast         Ice/Summ       4%         N/A       85%         4
 Blade Hands              Tmut           3%         N/A       97%         5
 Fireball                 Conj/Fire      2%         3d4       99%         5
 Iskenderun's Battlesphe  Conj           4%         2d6       99%         5
 Lightning Bolt           Conj/Air       2%         1d13      99%         5
 Manifold Assault         Tloc           4%         N/A       99%         5
 Summon Mana Viper        Hex/Summ       4%         N/A       99%         5
 Conjure Ball Lightning   Conj/Air       2%         3x3d6     100%        6
 Monstrous Menagerie      Summ           2%         N/A       100%        7
 Orb of Destruction       Conj           2%         9d5       100%        7
 Discord                  Hex            2%         N/A       100%        8
 Maxwell's Capacitive Co  Air            2%         ∞         100%        8

Inventory:

Hand Weapons
 g - a +2 short sword of venom {short}
   (You took it off a kobold on level 1 of the Dungeon)
 s - a +4 spear {polearm}
   (You took it off a gnoll on level 4 of the Dungeon)
 t - the +5 hunting sling of Articulation {freeze, rCorr Dex+4, sling}
   (You found it on level 5 of the Dungeon)

   Any ammunition fired from it freezes those it strikes, dealing additional
   cold damage.
   It can also slow down cold-blooded creatures.
   Dex:       It affects your dexterity (+4).
   rCorr:     It protects you from acid and corrosion.
 v - a +0 mace of venom (weapon) {mace}
   (You took it off an orc on level 6 of the Dungeon)
Armour
 a - the +4 moon troll leather armour (worn) {Spirit, Regen++ MP+5}
   (You found it on level 6 of the Dungeon)

   MP:        It affects your magic capacity (+5).
   Regen:     It increases your rate of health regeneration.
 o - an orb of light (worn)
   (You found it on level 6 of the Dungeon)
 p - a +1 robe of resistance
   (You took it off Sigmund on level 3 of the Dungeon)
 z - a +0 cloak (worn)
   (You found it on level 7 of the Dungeon)
Jewellery
 h - a ring of magical power (left hand)
   (You found it on level 5 of the Dungeon)
 k - an amulet of faith {!P}
   (You found it on level 3 of the Dungeon)
 l - a ring of fire
   (You found it on level 3 of the Dungeon)
 q - a ring of resist corrosion
   (You found it on level 3 of the Dungeon)
 A - a ring of see invisible
   (You found it on level 7 of the Dungeon)
 H - a ring of poison resistance
   (You found it on level 10 of the Dungeon)
Wands
 c - a wand of iceblast (3)
   (You took it off an orc wizard on level 9 of the Dungeon)
Scrolls
 i - 3 scrolls of brand weapon
 m - a scroll of vulnerability {!r!r}
 n - 2 scrolls of enchant weapon
 r - 2 scrolls of noise {!r}
 u - a scroll of enchant armour
 y - 2 scrolls of silence {!r}
 B - 2 scrolls of poison {!r}
 C - 2 scrolls of amnesia
 D - a scroll of magic mapping {unknown}
 E - 3 scrolls of identify {@r1}
 F - a scroll of fear {unknown}
Potions
 b - a potion of magic
 d - 2 potions of curing {@q1}
 e - a potion of lignification {!q}
 f - 2 potions of might
 j - 3 potions of attraction {!q}
 w - a potion of invisibility {unknown}
 G - a potion of haste {unknown}

Dungeon Overview and Level Annotations

Branches:
Dungeon (11/15) Zot: 26441  Temple (1/1) D:6 Zot: 5855
   Lair: D:8-11         Orc: D:9-12

Altars:
Ashenzari
Cheibriados
Dithmenos
Elyvilon
Fedhas
Gozag
Hepliaklqana
Kikubaaqudgha
Makhleb
Nemelex Xobeh
Okawaru
Qazlal
Ru
Sif Muna
Trog
Uskayaw
Vehumet
Wu Jian
Xom
Yredelemnul
Zin
The Shining One

Shops:
D:4 ?   D:7 *

Annotations:
D:3 3 runed translucent doors, zhov's ghost, amateur MiFi
D:8 1 exclusion
D:10 3 runed translucent doors, Newt's ghost, novice DsAK

## #........##
###.####.#
#.........# #.. #
#.........## #.#
#..........# #.###
#...)....#.# #...#
#........#.## ...#
#........#..#
#...#
#.........#.##...#
#......##.#..@9..#
###..........Z..##
#..8.......8..#
............#
#.........#.#
###......##.#
#####..# .. ##.#
...


You could see a gargoyle and a meliai simulacrum.


Message History

You take 8 damage, and now have 101/124 hp.
You lost 2 mp, and now have 27/34 mp.
You hit the gargoyle.
A meliai simulacrum comes into view.
The gargoyle hits you with a +0 mace.
HP[-2] MP[-1]
You take 2 damage, and now have 99/124 hp.
You lost 1 mp, and now have 26/34 mp.
You hit the gargoyle but do no damage. The gargoyle misses you.
HP[+2]
You regained 2 hp, and now have 101/124 hp.
You hit the gargoyle but do no damage. The gargoyle barely misses you.
HP[+2] MP[+1]
You regained 2 hp, and now have 103/124 hp.
You hit the gargoyle but do no damage. The gargoyle hits you with a +0 mace!
HP[-7] MP[-2]
You take 7 damage, and now have 96/124 hp.
You lost 2 mp, and now have 25/34 mp.
You hit the gargoyle but do no damage.
The meliai simulacrum hits you but does no damage. x2
The gargoyle hurls a stone arrow at you.
The stone arrow misses you.
HP[+2]
You regained 2 hp, and now have 98/124 hp.
You hit the gargoyle but do no damage.
The meliai simulacrum hits you but does no damage.
The meliai simulacrum barely misses you.
The gargoyle closely misses you.
The meliai simulacrum hits you but does no damage. x2
HP[+2]
You regained 2 hp, and now have 100/124 hp.
You sock the meliai simulacrum!
The meliai simulacrum hits you but does no damage.
The meliai simulacrum hits you. The meliai simulacrum freezes you!
The gargoyle barely misses you. The meliai simulacrum hits you.
The meliai simulacrum freezes you!
The meliai simulacrum hits you but does no damage.
HP[-17] MP[-4]
You take 17 damage, and now have 83/124 hp.
You lost 4 mp, and now have 21/34 mp.
You barely miss the meliai simulacrum.
The meliai simulacrum hits you but does no damage.
The meliai simulacrum misses you. The gargoyle completely misses you.
HP[+2]
You regained 2 hp, and now have 85/124 hp.
You sock the meliai simulacrum! The meliai simulacrum misses you.
The meliai simulacrum hits you but does no damage.
The meliai simulacrum hits you! The meliai simulacrum freezes you!!
The meliai simulacrum hits you but does no damage.
The gargoyle hits you with a +0 mace.
* * * LOW HITPOINT WARNING * * *
HP[-23] MP[-6]
You take 23 damage, and now have 62/124 hp.
You lost 6 mp, and now have 15/34 mp.
You barely miss the meliai simulacrum.
The meliai simulacrum closely misses you.
The meliai simulacrum hits you. The meliai simulacrum freezes you!!
* * * LOW HITPOINT WARNING * * *
The meliai simulacrum closely misses you.
The meliai simulacrum hits you.
* * * LOW HITPOINT WARNING * * *
The meliai simulacrum freezes you!!
* * * LOW HITPOINT WARNING * * *
The gargoyle misses you.
HP[-31] MP[-9]
You take 31 damage, and now have 31/124 hp.
MASSIVE DAMAGE!! (PAUSE)
You lost 9 mp, and now have 6/34 mp.
You hit the meliai simulacrum but do no damage.
The meliai simulacrum closely misses you.
The meliai simulacrum hits you but does no damage.
The gargoyle hits you with a +0 mace.
* * * LOW HITPOINT WARNING * * *
The meliai simulacrum hits you!
* * * LOW HITPOINT WARNING * * *
The meliai simulacrum freezes you!
* * * LOW HITPOINT WARNING * * *
The meliai simulacrum hits you.
* * * LOW HITPOINT WARNING * * *
The meliai simulacrum freezes you!
* * * LOW HITPOINT WARNING * * *
HP[-30] MP[-6]
You take 30 damage, and now have 1/124 hp.
MASSIVE DAMAGE!! (PAUSE)
You lost 6 mp, and now have 0/34 mp.
You feel much better.
The meliai simulacrum hits you but does no damage.
The meliai simulacrum closely misses you.
The gargoyle closely misses you. The meliai simulacrum hits you.
* * * LOW HITPOINT WARNING * * *
The meliai simulacrum freezes you!
* * * LOW HITPOINT WARNING * * *
The meliai simulacrum barely misses you.
HP[+15]
You regained 15 hp, and now have 16/124 hp.
You sock the meliai simulacrum!
The meliai simulacrum hits you but does no damage.
The meliai simulacrum closely misses you.
The gargoyle hits you with a +0 mace!!
You die...

Skill      XL: |  1  2  3  4  5  6  7  8  9 10 11 |
---------------+----------------------------------+-----
Poison Magic   | 3 4 5 6 7 8 |  8.0
Fighting       | 4 8 11 12 | 12.7
Dodging        | 4 5 |  5.0
Armour         | 4 5 |  5.0
Spellcasting   | 6 |  6.0
Maces & Flails | 5 6 |  6.9
Stealth        | |  1.4
Transmutations | |  0.8

Action                   |  1- 3 |  4- 6 |  7- 9 | 10-12 || total
-------------------------+-------+-------+-------+-------++-------
Melee: Short sword       |    13 |    76 |    77 |       ||   166
       Unarmed           |       |       |    18 |       ||    18
       Spear             |       |       |     8 |       ||     8
       Punch             |       |       |     2 |       ||     2
       Mace              |       |       |   128 |   218 ||   346
 Cast: Sting             |    13 |    16 |     3 |       ||    32
       Olgreb's Toxic Ra |       |     1 |    53 |    80 ||   134
Invok: Lunge             |       |       |     5 |    12 ||    17
       Whirlwind         |       |       |       |     1 ||     1
  Use: Scroll            |       |       |    10 |     4 ||    14
       Potion            |       |       |     3 |     1 ||     4
 Stab: Sleeping          |       |     1 |     2 |       ||     3
Armor: Robe              |     6 |    18 |    15 |       ||    39
       Skin              |       |       |    15 |       ||    15
       Troll leather arm |       |       |    57 |   126 ||   183
Dodge: Dodged            |     6 |    40 |   125 |   165 ||   336

Levels and vault maps discovered:
D:1:      zaba_arrival_water, layout_loops_ring, ebering_ecumenical_altar_webs,
          item_on_display_a
D:2:      layout_basic, interstate_on_off, hangedman_abyss_or_decor_lesser_grid,
          minmay_domino_2
D:3:      layout_loops_ring, mainiacjoe_overflow_alcove_1,
          overflow_temple_1_default, lemuel_doored_altar, gammafunk_ghost_split,
          minmay_checkerbox, uniq_sigmund, uniq_grinder
D:4:      layout_rooms, serial_shops, shop
D:5:      layout_rooms, minmay_tree_intersection, skrybe_limestone_x,
          minmay_misc_feat_square
D:6:      layout_cave_pools, temple_statues, dk_noncrumbling_3
D:7:      layout_basic, serial_shops, nicolae_shop_statue_plus, uniq_menkaure
D:8:      layout_rooms, mainiacjoe_overflow_brackets, serial_co_window_serial,
          co_window_corner_a, co_window_of_opportunity_a, co_window_paths_a,
          co_window_paths_a, co_window_paths_a, co_window_corner_a,
          co_window_paths_b, co_window_broadway_b, co_window_unsneaky_path_a,
          co_window_paths_c, co_window_4corner_a, glass_columns_a,
          glass_columns_a, glass_columns_c, glass_columns_c, glass_columns_a
D:9:      minmay_s_stair_smasher, layout_basic, nicolae_dithmenos_the_darkroom
D:10:     layout_loops_ring, jmf_multi_god_temple, ebering_ghost_rock_garden,
          uniq_joseph, uniq_grum, uniq_maurice
D:11:     layout_basic, erik_lair_dragon, serial_ice, serial_ice_b,
          serial_ice_i, serial_ice_m, serial_ice_f, serial_ice_e, serial_ice_h,
          serial_ice_o, okawaru_gym_becter
Temple:   regret_index_temple_waves

Notes
Turn   | Place    | Note
-------+----------+-------------------------------------------
     0 | D:1      | zeratav the Ogre Venom Mage began the quest for the Orb.
     0 | D:1      | Reached XP level 1. HP: 16/16 MP: 3/3
     0 | D:1      | magus.rc [v1.9.6]
   369 | D:1      | Found a faded altar of an unknown god.
   381 | D:1      | Reached skill level 3 in Poison Magic
   509 | D:1      | Reached XP level 2. HP: 24/24 MP: 1/5
   826 | D:2      | Noticed a scorpion
   829 | D:2      | Killed a scorpion
   830 | D:2      | Reached skill level 4 in Poison Magic
   830 | D:2      | Reached XP level 3. HP: 31/31 MP: 3/6
   830 | D:2      | Reached XP level 4. HP: 39/39 MP: 3/7
  1427 | D:2      | You pick up a book of Callings and begin reading...
  1427 | D:2      | You add the spells Summon Small Mammal, Call Canine
                  | Familiar and Summon Guardian Golem to your library.
  2022 | D:3      | Reached skill level 5 in Poison Magic
  2031 | D:3      | Reached XP level 5. HP: 41/45 MP: 8/8
  2045 | D:3      | Found a basalt altar of Yredelemnul.
  2070 | D:3      | Found an ancient bone altar of Kikubaaqudgha.
  2163 | D:3      | Found a runed translucent gate.
  2164 | D:3      | Found a runed translucent gate.
  2165 | D:3      | Found a runed translucent gate.
  2184 | D:3      | Noticed zhov's ghost (amateur MiFi)
  2209 | D:3      | Found a glowing silver altar of Zin.
  2255 | D:3      | Noticed Grinder
  2265 | D:3      | Killed Grinder
  2266 | D:3      | Reached skill level 6 in Poison Magic
  2266 | D:3      | Reached XP level 6. HP: 50/53 MP: 2/9
  2344 | D:3      | Learned a level 4 spell: Olgreb's Toxic Radiance
  2351 | D:3      | Noticed Sigmund
  2388 | D:3      | Killed Sigmund
  2389 | D:3      | Reached skill level 7 in Poison Magic
  2389 | D:3      | Reached XP level 7. HP: 19/59 MP: 2/10
  3280 | D:4      | Reached skill level 8 in Poison Magic
  3289 | D:4      | Reached skill level 1 in Fighting
  3478 | D:4      | Found Junuge's Magic Scroll Emporium.
  3486 | D:4      | Bought a scroll of identify for 22 gold pieces
  3486 | D:4      | Bought a scroll of identify for 22 gold pieces
  3635 | D:4      | Reached skill level 3 in Fighting
  3953 | D:4      | Reached skill level 4 in Fighting
  3953 | D:4      | Reached XP level 8. HP: 53/74 MP: 8/11
  4090 | D:5      | Entered Level 5 of the Dungeon
  4146 | D:5      | Reached skill level 5 in Fighting
  4468 | D:5      | HP: 20/83 [gnoll sergeant/+3 trident of flaming (8)]
  4488 | D:5      | HP: 13/83 [white imp/puff of frost (6)]
  4858 | D:5      | Reached skill level 6 in Fighting
  5227 | D:5      | Identified the +5 hunting sling of Articulation {freeze,
                  | rCorr Dex+4}
  5381 | D:5      | Reached skill level 7 in Fighting
  5665 | D:6      | Reached skill level 8 in Fighting
  5793 | D:6      | Found a staircase to the Ecumenical Temple.
  5801 | Temple   | Entered the Ecumenical Temple
  5880 | Temple   | Became a worshipper of the Wu Jian Council
  5959 | D:6      | You pick up a book of Dreams and begin reading...
  5959 | D:6      | You add the spells Ensorcelled Hibernation, Spider Form and
                  | Anguish to your library.
  5991 | D:6      | Reached skill level 2 in Dodging
  6180 | D:6      | Found the +4 moon troll leather armour {Spirit, Regen++
                  | MP+5}
  6309 | D:6      | Reached skill level 3 in Dodging
  6566 | D:6      | Reached skill level 4 in Dodging
  6591 | D:6      | Reached XP level 9. HP: 93/96 MP: 12/12
  6619 | D:6      | You pick up a book of Minor Magic and begin reading...
  6619 | D:6      | You add the spells Magic Dart and Call Imp to your library.
  6913 | D:7      | Reached skill level 5 in Dodging
  6953 | D:7      | Reached skill level 1 in Armour
  6992 | D:7      | You pick up a book of the Spheres and begin reading...
  6992 | D:7      | You add the spells Iskenderun's Battlesphere, Fireball,
                  | Conjure Ball Lightning and Orb of Destruction to your
                  | library.
  7110 | D:7      | Reached skill level 3 in Spellcasting
  7137 | D:7      | Reached * piety under Wu Jian
  7257 | D:7      | You pick up a book of Beasts and begin reading...
  7257 | D:7      | You add the spells Summon Ice Beast, Summon Mana Viper and
                  | Monstrous Menagerie to your library.
  7383 | D:7      | Reached skill level 2 in Armour
  7404 | D:7      | Reached skill level 4 in Spellcasting
  7652 | D:7      | Noticed Menkaure
  7671 | D:7      | Killed Menkaure
  7730 | D:7      | Reached skill level 3 in Armour
  7815 | D:7      | Found Qeontuuwn's General Store.
  7880 | D:7      | Noticed a troll
  7905 | D:7      | HP: 19/89 [troll (7)]
  7907 | D:7      | Killed a troll
  7908 | D:7      | Reached skill level 5 in Spellcasting
  8383 | D:8      | You pick up a book of Weapons and begin reading...
  8383 | D:8      | You add the spells Tukima's Dance, Portal Projectile and
                  | Blade Hands to your library.
  8442 | D:8      | Reached skill level 4 in Armour
  8445 | D:8      | Reached skill level 6 in Spellcasting
  8559 | D:8      | Reached XP level 10. HP: 68/104 MP: 15/19
  8646 | D:8      | Found a bloodstained altar of Trog.
  8863 | D:8      | Reached skill level 5 in Armour
  8863 | D:8      | Reached skill level 1 in Maces & Flails
  9427 | D:9      | Reached skill level 2 in Maces & Flails
  9452 | D:9      | Found a shadowy altar of Dithmenos.
  9534 | D:9      | Reached skill level 9 in Fighting
  9743 | D:9      | Reached skill level 3 in Maces & Flails
  9781 | D:9      | Reached ** piety under Wu Jian
  9831 | D:9      | You pick up a book of Lightning and begin reading...
  9831 | D:9      | You add the spells Static Discharge, Lightning Bolt and
                  | Maxwell's Capacitive Coupling to your library.
 10034 | D:9      | Reached skill level 10 in Fighting
 10034 | D:9      | Reached skill level 4 in Maces & Flails
 10611 | D:9      | Paralysed by a hornet for 1 turns
 10762 | D:9      | Noticed a two-headed ogre
 10920 | D:10     | Entered Level 10 of the Dungeon
 10938 | D:10     | Reached skill level 5 in Maces & Flails
 11101 | D:10     | Reached skill level 11 in Fighting
 11104 | D:10     | Noticed Grum
 11110 | D:10     | Noticed a two-headed ogre
 11116 | D:10     | Killed Grum
 11129 | D:10     | Reached XP level 11. HP: 117/120 MP: 12/20
 11138 | D:10     | Killed a two-headed ogre
 11142 | D:10     | Reached skill level 6 in Maces & Flails
 11504 | D:10     | Found a runed translucent gate.
 11505 | D:10     | Found a runed translucent gate.
 11506 | D:10     | Found a runed translucent gate.
 11507 | D:10     | Noticed Newt's ghost (novice DsAK)
 11511 | D:10     | You pick up a book of Spatial Translocations and begin
                  | reading...
 11511 | D:10     | You add the spells Blink, Lesser Beckoning and Manifold
                  | Assault to your library.
 11582 | D:10     | Noticed a two-headed ogre
 11627 | D:10     | Killed a two-headed ogre
 11628 | D:10     | Reached skill level 12 in Fighting
 11726 | D:10     | Found a white marble altar of Elyvilon.
 11729 | D:10     | Found an opulent altar of Gozag.
 11820 | D:10     | Noticed Joseph
 11821 | D:10     | Noticed Maurice
 11856 | D:10     | Killed Joseph
 11879 | D:10     | Killed Maurice
 12074 | D:10     | You pick up a book of Hexes and begin reading...
 12074 | D:10     | You add the spells Inner Flame, Cause Fear and Discord to
                  | your library.
 12329 | D:11     | Noticed a two-headed ogre
 12416 | D:11     | Noticed a five-headed hydra
 12879 | D:11     | HP: 31/124 [meliai simulacrum (15)]
 12880 | D:11     | HP: 15/124 [meliai simulacrum (8)]
 12880 | D:11     | HP: 1/124 [meliai simulacrum (13)]
 12882 | D:11     | Slain by a gargoyle

Vanquished Creatures
  2 two-headed ogres (D:10)
  Joseph (D:10)
  Maurice (D:10)
  A komodo dragon (D:10)
  2 trolls
  A polar bear (D:10)
  Grinder (D:3)
  2 hornets
  A shadow (D:9)
  Sigmund (D:3)
  A yak (D:9)
  Grum (D:10)
  4 wyverns
  Menkaure (D:7)
  2 steam dragons
  A black bear (D:8)
  5 orc warriors
  An ogre (D:4)
  7 ice beasts
  2 centaurs (D:9)
  5 wolves
  A phantom (D:4)
  5 bullfrogs
  2 gnoll sergeants
  2 kobold brigands
  2 necrophages
  3 scorpions
  5 wights (D:7)
  8 killer bees
  3 howler monkeys (D:9)
  3 jellies
  An orc priest (D:6)
  2 hounds (D:5)
  3 iguanas
  13 orc wizards
  18 gnolls
  8 adders
  2 shadow imps
  2 white imps
  An ufetubus (D:5)
  5 dart slugs
  21 orcs
  2 endoplasms (D:3)
  4 giant cockroaches
  3 hobgoblins
  2 jackals (D:2)
  4 quokkas
  4 ball pythons
  2 bats (D:2)
  A frilled lizard (D:2)
  6 goblins
  13 kobolds
  6 rats
200 creatures vanquished.

Vanquished Creatures (others)
  A bullfrog (D:8)
1 creature vanquished.

Grand Total: 201 creatures vanquished

Table legend:
 A = Non-vault XP
 B = Vault XP
 C = Vault XP percentage of total XP
 D = Non-vault monster count
 E = Vault monster count
 F = Vault count percentage of total count
                 A         B        C        D         E       F
            +---------+---------+-------+---------+---------+-------
      Total |    7229 |    6066 |  45.6 |     164 |      37 |  18.4
            +---------+---------+-------+---------+---------+-------
        D:1 |      11 |       0 |   0.0 |       7 |       0 |   0.0
        D:2 |     115 |       1 |   0.9 |      15 |       1 |   6.2
        D:3 |     151 |     502 |  76.9 |      21 |       6 |  22.2
        D:4 |     473 |       0 |   0.0 |      16 |       0 |   0.0
        D:5 |     474 |       0 |   0.0 |      15 |       0 |   0.0
        D:6 |     705 |       0 |   0.0 |      17 |       0 |   0.0
        D:7 |    1457 |     183 |  11.2 |      24 |       1 |   4.0
        D:8 |    1318 |       0 |   0.0 |      17 |       0 |   0.0
        D:9 |    1002 |    2043 |  67.1 |      22 |      15 |  40.5
       D:10 |    1464 |    2838 |  66.0 |       9 |      10 |  52.6
       D:11 |      59 |     499 |  89.4 |       1 |       4 |  80.0
            +---------+---------+-------+---------+---------+-------

Illustrated notes

Table legend:
 A = Kills in this place as a percentage of kills in entire the game.
 B = Kills by you in this place as a percentage of kills by you in the entire game.
 C = Kills by friends in this place as a percentage of kills by friends in the entire game.
 D = Other kills in this place as a percentage of other kills in the entire game.
 E = Experience gained in this place as a percentage of experience gained in the entire game.
 F = Experience gained in this place divided by the number of levels of this place that you have seen.
                   A       B       C       D       E      F
               +-------+-------+-------+-------+-------+----------------------
         Total | 100.0 | 100.0 |   N/A | 100.0 | 100.0 | 1107.9
       Dungeon | 100.0 | 100.0 |   N/A | 100.0 | 100.0 | 1208.6
               +-------+-------+-------+-------+-------+----------------------

Table legend: (Time is in decaauts)
 A = Elapsed time spent in this place.
 B = Non-inter-level travel time spent in this place.
 C = Inter-level travel time spent in this place.
 D = Time resting spent in this place.
 E = Time spent auto-exploring this place.
 F = Levels seen in this place.
 G = Mean time per level.
                   A        B        C        D        E       F      G
               +--------+--------+--------+--------+--------+-----+--------+
         Total |  13003 |  12368 |    635 |   3842 |   4921 |  12 | 1083.6 |
       Dungeon |  12858 |  12293 |    565 |   3842 |   4862 |  11 | 1168.9 |
        Temple |    144 |     75 |     69 |      0 |     58 |   1 |  144.0 |
               +--------+--------+--------+--------+--------+-----+--------+

Top non-repeatable levels by time:
    D:10: 1765 daAuts
     D:9: 1583 daAuts
     D:7: 1452 daAuts
     D:4: 1316 daAuts
     D:3: 1236 daAuts
     D:8: 1187 daAuts
     D:5: 1150 daAuts
     D:2: 1062 daAuts
     D:6: 1054 daAuts
     D:1: 832 daAuts
    D:11: 218 daAuts
  Temple: 144 daAuts
